AoeStats
← Mycorrhizal

Nomad

510182710Analyzed
3v3 RM · 2d ago on Sep 29, 2026· 14m 37s· 6 players
Game mode
Random Map
Map size
210×210
Population
200
Speed
Normal
Resources
Standard
Victory
Conquest
Starting age
Dark Age
Ending age
Imperial Age
RankedLock teamsTeams togetherTeam positionsShared explorationLock speedFull tech treeHidden civsTurbo modeCheats
Victory
Defeat
🇨🇴 Varangians · Colombia
1523
+16
🇹🇷 Vietnamese · Türkiye
1471
+18
🇨🇦 Sicilians · Canada
1453
+19
🇺🇾 Burgundians · Uruguay
1542
-18
🇦🇷 Japanese · Argentina
1540
-19
🇦🇷 Vikings · Argentina
1477
-16
Mycorrhizal
7:00 Loom
12:23 Feudal Age
12:56 Double-Bit Axe
JairoElChigüi
4:51 Loom
13:33 Feudal Age
14:06 Double-Bit Axe
g_ermeric
6:57 Loom
12:23 Feudal Age
13:00 Double-Bit Axe
le ignacio
5:23 Loom
12:29 Feudal Age
[GGnT] Nanito_Uy
4:42 Loom
10:38 Double-Bit Axe
12:43 Wheelbarrow
14:42 Feudal Age
Teutonio
8:28 Loom
10:58 Feudal Age
11:49 Town Watch
13:41 Double-Bit Axe
Connection lost

Rejoining the realm…

Still unreachable

The connection could not be restored.

Session expired

The server has moved on; the page needs a fresh start.